 Dungeon Crawl Stone Soup version 0.20-a0-40-gb6e7b4f (webtiles) character file.

84 KristoblXynda the Poker (level 4, -3/36 HPs)
             Began as a Centaur Gladiator on Nov 12, 2016.
             Slain by a worker ant (4 damage)
             ... on level 3 of the Dungeon.
             The game lasted 00:02:32 (2317 turns).

KristoblXynda the Poker (Centaur Gladiator)         Turns: 2317, Time: 00:02:32

Health: -3/36      AC:  6    Str: 18    XL:     4   Next: 24%
Magic:  4/4        EV: 10    Int:  8    God:
Gold:   88         SH:  0    Dex:  9    Spells: 0 memorised, 3 levels left

rFire  . . .     SeeInvis .     h - +0 spear
rCold  . . .     Gourm    .     b - +0 leather armour
rNeg   . . .     Faith    .     (no shield)
rPois  .         Spirit   .     c - +0 helmet
rElec  .         Reflect  .     p - +0 cloak
rCorr  .         Harm     .     (no gloves)
MR     .....                    (no barding)
Stlth  ..........               (no amulet)
                                (no ring)
                                (no ring)

@: lethally poisoned (-3 -> -5), very quick
A: hooves 3, deformed body, speed 2, tough skin 3
a: no special abilities


You were on level 3 of the Dungeon.
You were not hungry.

You visited 1 branch of the dungeon, and saw 3 of its levels.

You collected 88 gold pieces.

Inventory:

Hand Weapons
 a - a +0 trident
 h - a +0 spear (weapon)
Missiles
 d - 3 throwing nets (quivered)
Armour
 b - a +0 leather armour (worn)
 c - a +0 helmet (worn)
 p - a +0 cloak (worn)
Jewellery
 n - an uncursed ring of poison resistance {unknown}
Wands
 j - a wand of confusion (16/48)
Scrolls
 e - a scroll of random uselessness {unknown}
 g - a scroll of amnesia {unknown}
 m - 2 scrolls of identify {unknown}
Potions
 i - a potion of cancellation {unknown}
 k - a potion of mutation {unknown}
 l - 2 potions of flight {unknown}
 o - a potion of berserk rage {unknown}
Comestibles
 f - a bread ration


   Skills:
 - Level 2.0 Fighting
 + Level 3.8 Polearms
 - Level 2.1 Throwing
 + Level 3.1 Dodging


You had 3 spell levels left.
You didn't know any spells.

Dungeon Overview and Level Annotations

Branches:
Dungeon (3/15)

Altars:
Gozag


Innate Abilities, Weirdness & Mutations

You have hooves in place of feet.
Armour fits poorly on your strangely shaped body.
You cover ground very quickly.
You have extremely tough skin. (AC +3)


Message History

The worker ant bites you.
* * * LOW HITPOINT WARNING * * *
The rat bites you but does no damage.
You barely miss the worker ant.
You kick the worker ant, but do no damage.
The worker ant is almost dead.
The worker ant bites you.
* * * LOW HITPOINT WARNING * * *
The rat closely misses you.
You hit the worker ant but do no damage.
Your kick misses the worker ant.
The worker ant is almost dead.
The worker ant bites you but does no damage.
The rat bites you but does no damage.
You hit the worker ant but do no damage.
The worker ant is almost dead.
* * * LOW HITPOINT WARNING * * *
You feel sick. The worker ant barely misses you. The rat completely misses you.
The worker ant bites you.
You die...

.K .### ..# #.# ##
#(# # #. ##.## .
#.####.#.########
#..r.)###†......#
#.@###.#.##.###.###
#.a# ##.##..# #....
..... #.##..###.###
###....
..##.........
#######............
#.##.#####... #.##.
##.# #.##. #.#
#.##. #.#


You could see a worker ant and a rat.

Vanquished Creatures
  2 adders (D:2)
  An ooze (D:1)
  2 dart slugs (D:1)
  2 leopard geckos
  An orc (D:3)
  7 bats
  A giant cockroach (D:2)
  5 hobgoblins
  4 jackals (D:2)
  5 kobolds
  A frilled lizard (D:1)
  14 goblins
  2 rats (D:1)
47 creatures vanquished.

Notes
Turn   | Place    | Note
-------+----------+-------------------------------------------
     0 | D:1      | KristoblXynda the Centaur Gladiator began the quest for the Orb.
     0 | D:1      | Reached XP level 1. HP: 17/17 MP: 1/1
   209 | D:1      | Reached XP level 2. HP: 10/24 MP: 2/2
   942 | D:1      | Reached XP level 3. HP: 29/29 MP: 3/3
  1689 | D:2      | Reached XP level 4. HP: 34/36 MP: 4/4
  1766 | D:2      | Found an opulent altar of Gozag.
  2317 | D:3      | HP: 1/36 [poisoned by a worker ant]
  2317 | D:3      | Slain by a worker ant

Vault maps used:
D:1:      scummos_arrival_simple_crosswalls
D:2:      cheibrodos_helix_gallery,
          nicolae_gozag_cash_rules_everything_around_me
D:3:      kennysheep_nub

Skill      XL: |  1  2  3 |
---------------+----------+-----
Polearms       | 3 |  3.8
Dodging        | 3 |  3.1
Fighting       | |  2.0
Throwing       | |  2.1

Action                   |  1- 3 |  4- 6 || total
-------------------------+-------+-------++-------
Melee: Trident           |    20 |       ||    20
       Kick              |    17 |    10 ||    27
       Spear             |    89 |    57 ||   146
  Eat: Chunk             |     1 |     1 ||     2
       Beef jerky        |       |     1 ||     1
Armor: Leather armour    |    42 |    18 ||    60
Dodge: Dodged            |    60 |    25 ||    85
